TOP OF THE 1ST |
Florida State University Seminoles batting - Pitching for University of Conneticut Huskies : LHP Jody Phillips
|
Pitching: LHP Jody Phillips
|
|
Batting: RHB Manny Hensley
|
0-0: Ball 1-0: Foul Ball, location: 2F 1-1: Ball 2-1: Ground out 6-3 (Groundball, 6, EV 101.3 MPH)
|
Batting: RHB Efrain Cedeno
|
0-0: Ball 1-0: SINGLE (Line Drive, 5D, EV 100.6 MPH)
|
Batting: RHB Lupe Barrera
|
0-0: Swinging Strike 0-1: Foul Ball, location: 2F 0-2: Strikes out looking
|
Batting: RHB Jeremy Buck
|
0-0: Ground out 4-3 (Groundball, 4, EV 79.4 MPH)
|
Top of the 1st over - 0 runs, 1 hit, 0 errors, 1 left on base; Florida State University 0 - University of Conneticut 0 |
BOTTOM OF THE 1ST |
University of Conneticut Huskies batting - Pitching for Florida State University Seminoles : LHP Victor Quiros
|
Pitching: LHP Victor Quiros
|
|
Batting: RHB Michael Youngberry
|
0-0: Called Strike 0-1: Ball 1-1: SOLO HOME RUN (Flyball, 7D, EV 98.8 MPH), Distance : 377 ft
|
Batting: LHB Nick Rooney
|
0-0: Called Strike 0-1: Ball 1-1: Ball 2-1: Called Strike 2-2: Strikes out swinging
|
Batting: LHB Bill Kovac
|
0-0: Foul Ball, location: 2F 0-1: Swinging Strike 0-2: Fly out, F7 (Line Drive, 7, EV 108.1 MPH)
|
Batting: RHB Preston Hill
|
0-0: Ball 1-0: Called Strike 1-1: Foul Ball, location: 2F 1-2: Ball 2-2: Foul Ball, location: 2F 2-2: Foul Ball, location: 2F 2-2: Ball 3-2: Strikes out swinging
|
Bottom of the 1st over - 1 run, 1 hit, 0 errors, 0 left on base; Florida State University 0 - University of Conneticut 1 |
TOP OF THE 2ND |
Florida State University Seminoles batting - Pitching for University of Conneticut Huskies : LHP Jody Phillips
|
Batting: RHB Israel Quinteros
|
0-0: Ground out 6-3 (Groundball, 6M, EV 104.4 MPH)
|
Batting: SHB Alex Noval
|
0-0: Foul Ball, location: 2F 0-1: Ball 1-1: Foul Ball, location: 2F 1-2: Ground out 3-1 (Groundball, 34, EV 84.4 MPH)
|
Batting: LHB Bill Girton
|
0-0: Ball 1-0: Swinging Strike 1-1: Foul Ball, location: 2F 1-2: Strikes out swinging
|
Top of the 2nd over - 0 runs, 0 hits, 0 errors, 0 left on base; Florida State University 0 - University of Conneticut 1 |
BOTTOM OF THE 2ND |
University of Conneticut Huskies batting - Pitching for Florida State University Seminoles : LHP Victor Quiros
|
Batting: RHB Hector Barajas
|
0-0: Called Strike 0-1: Called Strike 0-2: Ball 1-2: Foul Ball, location: 2F 1-2: Strikes out swinging
|
Batting: RHB Edwin Bejarano
|
0-0: Ground out 2-3 (Groundball, 15S, EV 64.4 MPH)
|
Batting: LHB Fumito Sakurai
|
0-0: Swinging Strike 0-1: Called Strike 0-2: Ball 1-2: Ball 2-2: Strikes out swinging
|
Bottom of the 2nd over - 0 runs, 0 hits, 0 errors, 0 left on base; Florida State University 0 - University of Conneticut 1 |
TOP OF THE 3RD |
Florida State University Seminoles batting - Pitching for University of Conneticut Huskies : LHP Jody Phillips
|
Batting: RHB Paul Holland
|
0-0: Called Strike 0-1: Swinging Strike 0-2: Strikes out swinging
|
Batting: RHB Ken Yeadon
|
0-0: Ball 1-0: Reached on error, E7 (Flyball, 7D, EV 99.4 MPH)
|
Batting: RHB Manny Hensley
|
0-0: Ball 1-0: Foul Ball, location: 2F 1-1: Fly out, F8 (Flyball, 8RD, EV 100.0 MPH)
|
Batting: RHB Efrain Cedeno
|
0-0: Ball 1-0: Ball 2-0: Ball 3-0: Called Strike 3-1: Foul Ball, location: 2F 3-2: Fly out, F8 (Flyball, 8LXD, EV 102.5 MPH)
|
Top of the 3rd over - 0 runs, 0 hits, 1 error, 1 left on base; Florida State University 0 - University of Conneticut 1 |
BOTTOM OF THE 3RD |
University of Conneticut Huskies batting - Pitching for Florida State University Seminoles : LHP Victor Quiros
|
Batting: RHB Mario Verduzco
|
0-0: Ball 1-0: Ball 2-0: Foul Ball, location: 2F 2-1: Bunt missed! 2-2: Ball 3-2: SINGLE (Line Drive, 78M, EV 105.6 MPH)
|
Batting: RHB Hector Tabares
|
0-0: SINGLE (Groundball, 56D, EV 104.4 MPH) Mario Verduzco to second
|
Batting: RHB Michael Youngberry
|
0-0: Fielders Choice at 2nd, 4-6 (Groundball, 4, EV 83.1 MPH) Mario Verduzco to third
|
Batting: LHB Nick Rooney
|
0-0: Called Strike 0-1: Called Strike 0-2: Ball 1-2: Fly out, F9 (Flyball, 9, EV 94.4 MPH) Runner from 3rd tags up, SCORES, no throw by RF
|
Batting: LHB Bill Kovac
|
0-0: Called Strike 0-1: Called Strike 0-2: SINGLE (Groundball, 6MD, EV 100.6 MPH) Michael Youngberry to second Michael Youngberry to third
|
Batting: RHB Preston Hill
|
0-0: Ball 1-0: Called Strike 1-1: Ball 2-1: Ground out 4-3 (Groundball, 34D, EV 85.0 MPH)
|
Bottom of the 3rd over - 1 run, 3 hits, 0 errors, 2 left on base; Florida State University 0 - University of Conneticut 2 |
TOP OF THE 4TH |
Florida State University Seminoles batting - Pitching for University of Conneticut Huskies : LHP Jody Phillips
|
Batting: RHB Lupe Barrera
|
0-0: Foul Ball, location: 2F 0-1: Ball 1-1: Ball 2-1: Ball 3-1: Base on Balls
|
Batting: RHB Jeremy Buck
|
0-0: Ball 1-0: SINGLE (Groundball, 4D, EV 97.5 MPH) Lupe Barrera to second
|
Batting: RHB Israel Quinteros
|
0-0: Called Strike 0-1: Grounds into double play, 6-4-3 (Groundball, 6, EV 82.5 MPH) Lupe Barrera to third
|
Batting: SHB Alex Noval
|
0-0: Ball 1-0: Ball 2-0: Ball 3-0: Base on Balls
|
Batting: LHB Bill Girton
|
0-0: Called Strike 0-1: Ball 1-1: Called Strike 1-2: Ball 2-2: Ball 3-2: Strikes out swinging
|
Top of the 4th over - 0 runs, 1 hit, 0 errors, 2 left on base; Florida State University 0 - University of Conneticut 2 |
BOTTOM OF THE 4TH |
University of Conneticut Huskies batting - Pitching for Florida State University Seminoles : LHP Victor Quiros
|
Batting: RHB Hector Barajas
|
0-0: Called Strike 0-1: Called Strike 0-2: Ball 1-2: Ball 2-2: Ground out 2-3 (Groundball, 15S, EV 76.3 MPH)
|
Batting: RHB Edwin Bejarano
|
0-0: Foul Ball, location: 2F 0-1: SINGLE (Groundball, 56D, EV 97.5 MPH)
|
Batting: LHB Fumito Sakurai
|
0-0: Called Strike 0-1: Ball 1-1: Foul Ball, location: 2F 1-2: SINGLE (Line Drive, 4MD, EV 96.9 MPH) Edwin Bejarano to second
|
Batting: RHB Mario Verduzco
|
0-0: Swinging Strike 0-1: Fielders Choice at 2nd, 3-6 (Groundball, 3S, EV 85.6 MPH) Edwin Bejarano to third
|
Batting: RHB Hector Tabares
|
0-0: Called Strike Mario Verduzco steals 2nd base 0-1: Ball 1-1: SINGLE (Flyball, 6D, EV 95.6 MPH) Edwin Bejarano scores Mario Verduzco to third Runner from 3rd tries for Home, SAFE, throw by CF to home
|
Batting: RHB Michael Youngberry
|
0-0: Swinging Strike 0-1: Ball 1-1: Called Strike 1-2: Fielders Choice at 2nd, 5-4 (Groundball, 5, EV 76.3 MPH)
|
Bottom of the 4th over - 2 runs, 3 hits, 0 errors, 1 left on base; Florida State University 0 - University of Conneticut 4 |
TOP OF THE 5TH |
Florida State University Seminoles batting - Pitching for University of Conneticut Huskies : LHP Jody Phillips
|
Batting: RHB Paul Holland
|
0-0: Foul Ball, location: 2F 0-1: Ball 1-1: Ball 2-1: Called Strike 2-2: Foul Ball, location: 2F 2-2: Ground out 4-3 (Groundball, 4, EV 91.9 MPH)
|
Batting: RHB Ken Yeadon
|
0-0: Ball 1-0: Called Strike 1-1: Fly out, F2 (Popup, 13S, EV 94.4 MPH)
|
Batting: RHB Manny Hensley
|
0-0: Called Strike 0-1: Ball 1-1: Ball 2-1: Ball 3-1: Foul Ball, location: 2F 3-2: Base on Balls
|
Batting: RHB Efrain Cedeno
|
0-0: Called Strike 0-1: SINGLE (Line Drive, 7LS, EV 94.4 MPH) Manny Hensley to second
|
Batting: RHB Lupe Barrera
|
0-0: Called Strike 0-1: Ball 1-1: Ball 2-1: Ball 3-1: Fly out, F8 (Flyball, 8LXD, EV 98.1 MPH)
|
Top of the 5th over - 0 runs, 1 hit, 0 errors, 2 left on base; Florida State University 0 - University of Conneticut 4 |
BOTTOM OF THE 5TH |
University of Conneticut Huskies batting - Pitching for Florida State University Seminoles : LHP Victor Quiros
|
Batting: LHB Nick Rooney
|
0-0: Foul Ball, location: 2F 0-1: Swinging Strike 0-2: Ball 1-2: Ball 2-2: Fly out, F5 (Line Drive, 5, EV 70.6 MPH)
|
Batting: LHB Bill Kovac
|
0-0: Ball 1-0: Ground out U3 (Groundball, 34S, EV 77.5 MPH)
|
Batting: RHB Preston Hill
|
0-0: Ball 1-0: Swinging Strike 1-1: Ball 2-1: DOUBLE (Line Drive, 9LM, EV 101.3 MPH)
|
Pitching: LHP Jordan Ruiz
|
|
Batting: RHB Hector Barajas
|
0-0: Called Strike 0-1: Swinging Strike 0-2: Strikes out swinging
|
Bottom of the 5th over - 0 runs, 1 hit, 0 errors, 1 left on base; Florida State University 0 - University of Conneticut 4 |
TOP OF THE 6TH |
Florida State University Seminoles batting - Pitching for University of Conneticut Huskies : LHP Jody Phillips
|
Batting: RHB Jeremy Buck
|
0-0: Ball 1-0: Ball 2-0: Ball 3-0: Called Strike 3-1: Fly out, F9 (Flyball, 9, EV 91.9 MPH)
|
Pitching: RHP Yoshiaki Tokunaga
|
|
Batting: RHB Israel Quinteros
|
0-0: Hit by Pitch
|
Batting: SHB Alex Noval
|
0-0: Ball 1-0: Swinging Strike 1-1: Ball 2-1: Ball 3-1: Base on Balls Israel Quinteros to second
|
Batting: LHB Bill Girton
|
0-0: Foul Ball, location: 2F 0-1: Ball 1-1: Called Strike 1-2: Ball 2-2: Ball 3-2: Strikes out swinging
|
Batting: RHB Paul Holland
|
0-0: Ball 1-0: Ball 2-0: Called Strike 2-1: Fly out, F8 (Flyball, 8LS, EV 94.4 MPH)
|
Top of the 6th over - 0 runs, 0 hits, 0 errors, 2 left on base; Florida State University 0 - University of Conneticut 4 |
BOTTOM OF THE 6TH |
University of Conneticut Huskies batting - Pitching for Florida State University Seminoles : LHP Jordan Ruiz
|
Batting: RHB Edwin Bejarano
|
0-0: Reached on error, E6 (Groundball, 6, EV 92.5 MPH)
|
Batting: LHB Fumito Sakurai
|
0-0: Foul Ball, location: 2F 0-1: Ball 1-1: Ball 2-1: Called Strike 2-2: Ball 3-2: Foul Ball, location: 2F 3-2: Foul Ball, location: 2F 3-2: Strikes out looking
|
Batting: RHB Mario Verduzco
|
0-0: Ball 1-0: Ball 2-0: Called Strike 2-1: Called Strike 2-2: Foul Ball, location: 2F 2-2: SINGLE (Groundball, 6D, EV 97.5 MPH) Edwin Bejarano to second
|
Batting: RHB Hector Tabares
|
0-0: Called Strike 0-1: Called Strike 0-2: Ball 1-2: Fielders Choice at 2nd, 3-6 (Groundball, 34S, EV 81.9 MPH) Edwin Bejarano to third
|
Batting: RHB Michael Youngberry
|
0-0: Ground out U3 (Groundball, 34S, EV 90.6 MPH)
|
Bottom of the 6th over - 0 runs, 1 hit, 1 error, 2 left on base; Florida State University 0 - University of Conneticut 4 |
TOP OF THE 7TH |
Florida State University Seminoles batting - Pitching for University of Conneticut Huskies : RHP Yoshiaki Tokunaga
|
Now in CF: Chris Bejarano
|
|
Batting: RHB Ken Yeadon
|
0-0: Called Strike 0-1: Called Strike 0-2: Ball 1-2: Ball 2-2: Ball 3-2: Foul Ball, location: 2F 3-2: Base on Balls
|
Batting: RHB Manny Hensley
|
0-0: Foul Ball, location: 2F 0-1: Ball 1-1: Swinging Strike 1-2: Fly out, F4 (Popup, 4S, EV 73.1 MPH)
|
Batting: RHB Efrain Cedeno
|
0-0: Swinging Strike 0-1: Foul Ball, location: 2F 0-2: Ball 1-2: Foul Ball, location: 2F 1-2: Ball 2-2: Foul Ball, location: 2F 2-2: SINGLE (Groundball, 4S, EV 65.0 MPH) (infield hit) Ken Yeadon to second
|
Batting: RHB Lupe Barrera
|
0-0: Called Strike 0-1: Foul Ball, location: 2F 0-2: Ball 1-2: Ball 2-2: Ball 3-2: Base on Balls Ken Yeadon to third Efrain Cedeno to second
|
Pinch Hitting: RHB Sal Guzman
|
0-0: Grounds into double play, 4-6-3 (Groundball, 4, EV 75.6 MPH)
|
Top of the 7th over - 0 runs, 1 hit, 0 errors, 2 left on base; Florida State University 0 - University of Conneticut 4 |
BOTTOM OF THE 7TH |
University of Conneticut Huskies batting - Pitching for Florida State University Seminoles : LHP Jordan Ruiz
|
Pitching: RHP Bill Couch
|
|
Now at 1B: Sal Guzman
|
|
Batting: LHB Nick Rooney
|
0-0: Called Strike 0-1: Swinging Strike 0-2: Ball 1-2: Fly out, F7 (Flyball, 78M, EV 87.5 MPH)
|
Batting: LHB Bill Kovac
|
0-0: Foul Ball, location: 2F 0-1: Ball 1-1: Foul Ball, location: 2F 1-2: Strikes out swinging
|
Batting: RHB Preston Hill
|
0-0: Called Strike 0-1: Ball 1-1: Called Strike 1-2: Fly out, F8 (Flyball, 8RM, EV 83.1 MPH)
|
Bottom of the 7th over - 0 runs, 0 hits, 0 errors, 0 left on base; Florida State University 0 - University of Conneticut 4 |
TOP OF THE 8TH |
Florida State University Seminoles batting - Pitching for University of Conneticut Huskies : RHP Yoshiaki Tokunaga
|
Pitching: LHP Josh Hubbard
|
|
Batting: RHB Israel Quinteros
|
0-0: Ball 1-0: Ball 2-0: Ball 3-0: Base on Balls
|
Batting: SHB Alex Noval
|
0-0: Ball 1-0: Foul Ball, location: 2F 1-1: Foul Ball, location: 2F 1-2: Fly out, F7 (Flyball, 7S, EV 90.6 MPH)
|
Pinch Hitting: RHB Bobby Altamirano
|
0-0: Called Strike 0-1: Fielders Choice at 2nd, 5-4 (Groundball, 5S, EV 86.3 MPH)
|
Batting: RHB Paul Holland
|
0-0: Foul Ball, location: 2F 0-1: Foul Ball, location: 2F 0-2: Foul Ball, location: 2F 0-2: Strikes out looking
|
Top of the 8th over - 0 runs, 0 hits, 0 errors, 1 left on base; Florida State University 0 - University of Conneticut 4 |
BOTTOM OF THE 8TH |
University of Conneticut Huskies batting - Pitching for Florida State University Seminoles : RHP Bill Couch
|
Pitching: RHP Brad Sanchez
|
|
Now at 1B: Joy-shan Li
|
|
Now in RF: Sal Guzman
|
|
Batting: RHB Hector Barajas
|
0-0: Swinging Strike 0-1: SINGLE (Groundball, 56D, EV 103.1 MPH) (infield hit)
|
Batting: RHB Edwin Bejarano
|
0-0: Grounds into double play, 5-4-3 (Groundball, 56, EV 84.4 MPH)
|
Batting: LHB Fumito Sakurai
|
0-0: Ball 1-0: Called Strike 1-1: Hit by Pitch
|
Batting: RHB Mario Verduzco
|
0-0: Ball 1-0: Ball Fumito Sakurai is caught stealing 2nd base 2-4
|
Bottom of the 8th over - 0 runs, 1 hit, 0 errors, 0 left on base; Florida State University 0 - University of Conneticut 4 |
TOP OF THE 9TH |
Florida State University Seminoles batting - Pitching for University of Conneticut Huskies : LHP Josh Hubbard
|
Pinch Hitting: LHB Steve LeGrand
|
0-0: Called Strike 0-1: Ball 1-1: Swinging Strike 1-2: DOUBLE (Line Drive, 9LM, EV 108.8 MPH)
|
Batting: RHB Manny Hensley
|
0-0: Ball Wild Pitch! Steve LeGrand to third 1-0: Foul Ball, location: 2F 1-1: Ball 2-1: Ball 3-1: Foul Ball, location: 2F 3-2: Base on Balls
|
Pitching: RHP Oswaldo Vasquez
|
|
Batting: RHB Efrain Cedeno
|
0-0: Ball 1-0: Ball 2-0: Grounds into double play, 4-6-3 (Groundball, 4, EV 103.1 MPH) Steve LeGrand scores
|
Batting: RHB Lupe Barrera
|
0-0: Ball 1-0: Ball 2-0: Called Strike 2-1: Ball 3-1: Foul Ball, location: 2F 3-2: SINGLE (Line Drive, 56D, EV 96.3 MPH)
|
Batting: RHB Sal Guzman
|
0-0: Called Strike 0-1: Swinging Strike 0-2: Strikes out swinging
|
Top of the 9th over - 1 run, 2 hits, 0 errors, 1 left on base; Florida State University 1 - University of Conneticut 4 |
|